 Dungeon Crawl Stone Soup version 0.21-a0-504-g2eda330 (webtiles) character file.

70248 4thArraOfDagon the Scorcher (level 14, -8/68 HPs)
             Began as a Deep Elf Fire Elementalist on Nov 26, 2017.
             Was the Champion of Vehumet.
             Mangled by a spriggan rider
             ... wielding a +0 spear
              (22 damage)
             ... on level 3 of the Swamp on Nov 27, 2017.
             The game lasted 01:15:36 (8737 turns).

4thArraOfDagon the Scorcher (DEFE)                  Turns: 8737, Time: 01:15:36

Health: -8/68      AC:  8    Str:  5    XL:     14   Next: 93%
Magic:  36/40      EV: 12    Int: 29    God:    Vehumet [******]
Gold:   1044       SH:  4    Dex: 15    Spells: 21/43 levels left

rFire    + + +     SeeInvis .   w - +2 lajatang "Uxkooqua" {holy, rF+ rC+ MR- Int+3}
rCold    . . .     Gourm    .   (shield currently unavailable)
rNeg     + . .     Faith    .   P - +3 troll leather armour
rPois    +         Spirit   .   (helmet restricted)
rElec    .         Reflect  .   K - scarf of Syenyip {rN+}
rCorr    .         Harm     +   o - +0 pair of gloves
MR       .....                  (no boots)
Stlth    ++........             e - amulet of harm
HPRegen  0.61/turn              g - ring of magical power
MPRegen  0.27/turn              J - ring of fire

@: about to teleport, slowed, very slow
A: antennae 1, large bone plates 1, fire resistance 1, low mp 1, poison
resistance
a: Renounce Religion


You were on level 3 of the Swamp.
You worshipped Vehumet.
Vehumet was exalted by your worship.
You were hungry.

You visited 4 branches of the dungeon, and saw 23 of its levels.
You also visited: Ossuary and Ice Cave.

You collected 1794 gold pieces.
You spent 750 gold pieces at shops.

Inventory:

Hand Weapons
 w - the +2 lajatang "Uxkooqua" (weapon) {holy, rF+ rC+ MR- Int+3}
   (You found it in an ice cave)

   It has been blessed by the Shining One to cause great damage to the undead
   and demons.
   It affects your intelligence (+3).
   It protects you from fire.
   It protects you from cold.
   It affects your resistance to hostile enchantments.
 Z - a +0 blowgun
Missiles
 R - 8 curare-tipped needles
Armour
 o - a +0 pair of gloves (worn)
 K - the scarf of Syenyip (worn) {rN+}
   (You acquired it on level 14 of the Dungeon)

   It protects you from negative energy.
 P - a +3 troll leather armour (worn)
 Q - a +0 robe of cold resistance
 W - +0 ice dragon scales
Jewellery
 a - the amulet of Lady Luck {Harm *Drain rPois Slay+2}
   (You took it off a tengu warrior on level 14 of the Dungeon)

   [amulet of harm]

   It increases damage dealt and taken.
   It affects your accuracy and damage with ranged weapons and melee attacks
   (+2).
   It protects you from poison.
   It causes draining when unequipped.
 e - an amulet of harm (around neck)
 g - a ring of magical power (left hand)
 s - an uncursed ring of protection from cold
 x - a +6 ring of evasion
 F - the ring "Fatrich" {rElec rC+ Slay+3 Stlth+}
   (You took it off a boggart on level 14 of the Dungeon)

   [ring of stealth]

   It affects your accuracy and damage with ranged weapons and melee attacks
   (+3).
   It protects you from cold.
   It insulates you from electricity.
   It makes you more stealthy.
 H - an uncursed ring of poison resistance
 J - a ring of fire (right hand)
 T - an uncursed ring of ice
 Y - the ring "Wysamp" {*Contam +Fly Int+3 SInv}
   (You took it off a skeletal warrior on level 14 of the Dungeon)

   [ring of flight]

   It affects your intelligence (+3).
   It lets you see invisible.
   It lets you fly.
   It causes magical contamination when unequipped.
Wands
 j - a wand of iceblast (10)
 k - a wand of disintegration (8)
 y - a wand of random effects (24)
 E - a wand of digging (18)
 M - a wand of clouds (4)
 S - a wand of acid (6)
 X - a wand of flame (34)
Scrolls
 b - a scroll of fear
 d - a scroll of random uselessness {unknown}
 q - 8 scrolls of remove curse
 B - 6 scrolls of teleportation
 C - a scroll of blinking
 G - a scroll of magic mapping
 I - a scroll of amnesia
 L - 2 scrolls of fog
Potions
 i - a potion of flight
 l - 2 potions of curing
 m - a potion of resistance {unknown}
 n - 2 potions of brilliance {unknown}
 r - 3 potions of might
 t - 3 potions of mutation
 u - 2 potions of heal wounds
 v - 4 potions of magic
 z - 3 potions of agility
 A - a potion of berserk rage
 D - a potion of invisibility
 N - a potion of ambrosia
 U - 2 potions of lignification
 V - 3 potions of haste
Books
 f - a book of Air

   Spells                             Type                      Level
   a - Shock                          Conjuration/Air              1
   b - Swiftness                      Charms/Air                   2
   c - Static Discharge               Conjuration/Air              3
   d - Airstrike                      Air                          4
   e - Lightning Bolt                 Conjuration/Air              5
Comestibles
 c - 11 bread rations
 h - 6 meat rations


   Skills:
 - Level 2.4 Dodging
 - Level 2.4 Stealth
 + Level 15.2 Spellcasting
 * Level 17.4 Conjurations
 * Level 17.6 Fire Magic


You had 21 spell levels left.
You knew the following spells:

 Your Spells              Type           Power        Failure   Level  Hunger
a - Flame Tongue          Conj/Fire      #####        0%          1    None
b - Conjure Flame         Conj/Fire      ########     0%          3    None
c - Sticky Flame          Conj/Fire      ########     1%          4    None
d - Fireball              Conj/Fire      ########..   1%          5    None
e - Bolt of Cold          Conj/Ice       ######....   4%          6    ###....
f - Regeneration          Chrm/Necr      ###.......   11%         3    None


Dungeon Overview and Level Annotations

Branches:
Dungeon (15/15)            Temple (0/1) D:7            Lair (2/6) D:8
  Swamp (4/4) Lair:2          Orc (2/2) D:12            Elf (0/3) Orc:2
 Vaults (0/5) D:13
  Snake: Lair:2-4    Spider: Lair:2-4    Depths: D:15

Altars:
Ashenzari
Cheibriados
Elyvilon
Hepliaklqana
Nemelex Xobeh
Okawaru
Ru
Vehumet
Wu Jian
Xom
Yredelemnul
Beogh

Shops:
D:7 %   D:8 !   D:12 !   Orc:2 :[(?=}*!

Annotations:
D:11 arkorax's ghost, novice DsAr
D:12 Frances
D:15 Louise


Innate Abilities, Weirdness & Mutations

You have a pair of small antennae on your head.
You are partially covered in large bone plates. (SH +4)
Your flesh is heat resistant. (rF+)
Your magical capacity is low. (-10% MP)
Your system is resistant to poisons. (rPois)


Message History

The vampire mosquito draws strength from your injuries!
Unknown command.
Unknown command.
The vampire mosquito bites you!
The vampire mosquito draws strength from your injuries!
You block the spriggan rider's attack.
The vampire mosquito closely misses you.
Unknown command.
Unknown command.
Okay, then.
Unknown command.
The vampire mosquito closely misses you.
The spriggan rider hits you but does no damage.
The vampire mosquito bites you!
* * * LOW HITPOINT WARNING * * *
The vampire mosquito draws strength from your injuries!
The vampire mosquito barely misses you.
The vampire mosquito closely misses you.
The spriggan rider hits you from afar with a spear!!
You die...

. ≈≈ ≈ ≈≈≈ ♣ ≈≈
≈≈≈. ♣ .≈
≈≈≈.§♣♣ ♣♣≈♣
≈≈≈≈≈..♣♣♣ ...♣
..≈≈...@≈♣♣♣♣
♣♣♣♣
♣♣≈♣♣≈yyyi..♣♣♣♣
♣ ♣♣≈≈≈>≈≈.≈.♣ ♣
♣≈≈≈...≈.≈♣
♣.≈w≈≈≈≈.♣♣≈.
♣≈≈≈≈≈≈≈%≈♣ ♣♣.
♣.≈≈≈≈≈≈≈..♣
♣.≈≈
♣≈...§≈...♣♣
..≈≈.
♣♣≈.≈≈≈.§♣♣


You could see a tyrant leech, a spriggan rider and 3 vampire mosquitoes.

Vanquished Creatures
  Donald (Swamp:1)
  A frost giant (IceCv)
  An orc warlord (Orc:2)
  Snorg (D:10)
  Fannar (D:12)
  4 vault guards (D:13)
  4 hydras
  Erica (D:10)
  An ice dragon (Orc:1)
  A ghost crab (Swamp:1)
  A centaur warrior (D:14)
  An alligator (Swamp:1)
  4 two-headed ogres
  A tengu warrior (D:14)
  An orc high priest (Orc:2)
  Urug (D:15)
  A death yak (IceCv)
  Sonja (D:15)
  4 spriggans (Swamp:2)
  A skeletal warrior (D:14)
  A swamp dragon (Swamp:2)
  3 unseen horrors
  A shambling mangrove (Swamp:2)
  2 orc sorcerers (Orc:2)
  3 orc knights
  7 cyclopes
  A deep elf mage (D:10)
  4 elephants (Lair:2)
  5 ugly things (D:14)
  2 manticores
  Joseph (D:8)
  2 gargoyles
  A rime drake (IceCv)
  6 centaur skeletons
  The ghost of p0werm0de the Insei, a novice OpAM (D:5)
  2 komodo dragons
  A tengu conjurer (D:14)
  A queen bee (shapeshifter) (D:14)
  22 polar bears
  7 hornets (Swamp:2)
  A wolf spider simulacrum (D:14)
  14 trolls
  2 bog bodies
  11 slime creatures
  2 hippogriffs
  Sigmund (D:6)
  3 shadows
  3 wraiths
  A wyvern (D:12)
  22 yaks
  Eustachio (D:4)
  17 vampire mosquitoes
  Menkaure (D:7)
  4 hungry ghosts
  3 swamp worms
  3 insubstantial wisps (Swamp:1)
  7 wargs
  An acid dragon (D:14)
  Edmund (D:5)
  A porcupine (Lair:2)
  2 swamp drakes
  5 sky beasts
  28 orc warriors
  3 ice beasts
  An eye of draining (D:7)
  4 centaurs
  17 ogres
  A boggart (D:14)
  17 wolves
  4 crocodiles
  A big kobold (D:12)
  6 bullfrogs
  3 scorpions
  A water moccasin skeleton (D:11)
  12 wights
  An electric eel (D:13)
  A howler monkey (D:13)
  2 bullfrog zombies
  5 centaur zombies
  5 crimson imps
  4 hounds
  Crazy Yiuf (D:4)
  30 orc priests
  An iron imp (D:7)
  3 jellies
  22 orc wizards
  A bullfrog skeleton (D:10)
  Natasha (D:3)
  3 iguanas
  5 worker ants
  A hound zombie (D:8)
  A hound skeleton (D:5)
  A mummy (D:5)
  5 gnolls
  5 adders
  3 shadow imps
  An ooze (D:6)
  An adder skeleton (D:4)
  2 adder zombies (Ossuary)
  3 worms
  A dart slug (D:1)
  3 leopard geckos
  96 orcs
  A ball python (D:2)
  10 bats
  5 giant cockroaches
  6 goblins
  7 hobgoblins
  15 jackals
  15 kobolds
  A quokka (D:4)
  2 ball python skeletons (Ossuary)
  4 frilled lizards
  2 kobold zombies (Ossuary)
  3 orc zombies
  7 rats
595 creatures vanquished.

Vanquished Creatures (collateral kills)
  A gnoll (D:10)
1 creature vanquished.

Vanquished Creatures (others)
  An ogre (D:10)
  A gnoll (D:10)
  A bush (D:4)
  A fungus (Lair:2)
  2 plants (D:4)
6 creatures vanquished.

Grand Total: 602 creatures vanquished

Notes
Turn   | Place    | Note
-------+----------+-------------------------------------------
     0 | D:1      | 4thArraOfDagon the Deep Elf Fire Elementalist began the quest for the Orb.
     0 | D:1      | Reached XP level 1. HP: 10/10 MP: 6/6
   101 | D:2      | Reached XP level 2. HP: 15/15 MP: 5/8
   216 | D:2      | Found a hazy altar of Hepliaklqana.
   219 | D:2      | Found a radiant altar of Vehumet.
   226 | D:2      | Became a worshipper of Vehumet
   311 | D:1      | Reached XP level 3. HP: 13/19 MP: 9/9
   316 | D:1      | Learned a level 3 spell: Conjure Flame
   512 | D:2      | Found a shimmering altar of Xom.
   517 | D:2      | Found a shattered altar of Ashenzari.
   634 | D:3      | Reached * piety under Vehumet
   634 | D:3      | Offered knowledge of Sting by Vehumet.
   810 | D:3      | Reached XP level 4. HP: 24/24 MP: 11/11
   821 | D:3      | Learned a level 4 spell: Sticky Flame
   925 | D:4      | Noticed an ogre
   935 | D:4      | Killed an ogre
   935 | D:4      | Reached XP level 5. HP: 28/28 MP: 13/13
   936 | D:4      | Noticed Eustachio
  1005 | D:4      | Found a sacrificial altar of Ru.
  1008 | D:4      | Reached skill level 5 in Fire Magic
  1013 | D:4      | Offered knowledge of Searing Ray by Vehumet.
  1015 | D:4      | Reached ** piety under Vehumet
  1035 | D:3      | Noticed Natasha
  1040 | D:3      | Killed Natasha
  1062 | D:3      | Reached XP level 6. HP: 32/32 MP: 9/14
  1063 | D:3      | Found a sparkling altar of Nemelex Xobeh.
  1171 | D:4      | Learned a level 5 spell: Fireball
  1184 | D:4      | Killed Eustachio
  1184 | D:4      | Reached skill level 5 in Spellcasting
  1244 | D:4      | Reached skill level 5 in Conjurations
  1284 | D:4      | Found a runed door.
  1288 | D:4      | Noticed Crazy Yiuf
  1294 | D:4      | Killed Crazy Yiuf
  1330 | D:5      | Entered Level 5 of the Dungeon
  1358 | D:5      | Reached XP level 7. HP: 34/36 MP: 16/16
  1361 | D:5      | Offered knowledge of Static Discharge by Vehumet.
  1438 | D:5      | Noticed p0werm0de's ghost (novice OpAM)
  1452 | D:5      | Killed p0werm0de's ghost
  1522 | D:5      | Found an ornate altar of the Wu Jian Council.
  1534 | D:5      | Noticed Edmund
  1546 | D:5      | Killed Edmund
  1546 | D:5      | Reached XP level 8. HP: 41/41 MP: 18/19
  1597 | D:5      | Found a sand-covered staircase.
  1603 | Ossuary  | Entered an ossuary
  1652 | Ossuary  | Reached *** piety under Vehumet
  1699 | Ossuary  | Noticed a flying skull
  1740 | Ossuary  | Noticed a flying skull
  1769 | Ossuary  | Noticed a flying skull
  1904 | D:5      | Gained mutation: Your flesh is heat resistant. (rF+) [mutagenic meat]
  1905 | D:5      | Gained mutation: You evolve. [mutagenic meat]
  1906 | D:5      | Gained mutation: Your magical capacity is low. (-10% MP) [mutagenic meat]
  1907 | D:5      | Gained mutation: Your system is resistant to poisons. (rPois) [mutagenic meat]
  1908 | D:5      | Gained mutation: You are partially covered in large bone plates. (SH +4) [mutagenic meat]
  2092 | D:6      | Noticed Sigmund
  2100 | D:6      | Killed Sigmund
  2200 | D:6      | Found an iron altar of Okawaru.
  2323 | D:6      | Offered knowledge of Airstrike by Vehumet.
  2340 | D:6      | Reached XP level 9. HP: 45/45 MP: 17/20
  2431 | D:7      | Found Ysungoc's Food Shoppe.
  2445 | D:7      | Found a basalt altar of Yredelemnul.
  2546 | D:8      | Noticed Joseph
  2556 | D:7      | Found a snail-covered altar of Cheibriados.
  2718 | D:7      | Noticed Menkaure
  2719 | D:7      | Killed Menkaure
  2774 | D:7      | Found a faded altar of an unknown god.
  2786 | D:7      | Found a staircase to the Ecumenical Temple.
  2885 | D:8      | Found a white marble altar of Elyvilon.
  2937 | D:8      | Reached **** piety under Vehumet
  2949 | D:8      | Thaneod: bez beezma:>?
  2951 | D:8      | 4thArraOfDagon: o
  2951 | D:8      | 4thArraOfDagon: jak ci idzie?:)
  2977 | D:8      | Thaneod: !stalk Thaneod
  2984 | D:8      | beem: Thaneod the L27 DEFE^Veh in Dis:7 (cxc tiles), T:164585, runes: 12 (obsidian, magical, glowing...), defenses: 42/27/15, stats: 12/38/15, >15 skills: Fighting,Armour,Dodging,Shields,Spellcasting,Conjurations,Necromancy,Translocations,Transmutations,Fire Magic,Ice Magic,Earth Magic, Max skills: Spellcasting,Conjurations,Fire Magic,Earth Magic
  2984 | D:8      | 4thArraOfDagon: ladnie
  2984 | D:8      | 4thArraOfDagon: :)
  2984 | D:8      | Thaneod: dis, tartarus i abyss
  2984 | D:8      | 4thArraOfDagon: czego brakuje?
  2994 | D:8      | Thaneod: ale dla maga to masakra jakaś
  3008 | D:8      | Killed Joseph
  3009 | D:8      | Offered knowledge of Lightning Bolt by Vehumet.
  3032 | D:8      | Thaneod: hah, drzewko co puszcza fireballe, powinien być boss w jakiejś grze
  3032 | D:8      | 4thArraOfDagon: no, trzeba duzo many oszczedzac
  3070 | D:8      | Found Kiworeaxt's Distillery.
  3071 | D:8      | Found a staircase to the Lair.
  3074 | D:8      | Reached skill level 10 in Fire Magic
  3092 | D:8      | Bought a potion of heal wounds for 60 gold pieces
  3092 | D:8      | Bought a potion of magic for 96 gold pieces
  3092 | D:8      | Bought a potion of ambrosia for 96 gold pieces
  3092 | D:8      | Bought a potion of heal wounds for 60 gold pieces
  3092 | D:8      | Bought a potion of curing for 36 gold pieces
  3123 | D:9      | Noticed a troll
  3124 | D:9      | Killed a troll
  3349 | D:10     | Entered Level 10 of the Dungeon
  3376 | D:10     | Reached skill level 10 in Conjurations
  3376 | D:10     | Reached XP level 10. HP: 37/50 MP: 21/22
  3377 | D:10     | Noticed an unseen horror
  3382 | D:10     | Killed an unseen horror
  3550 | D:10     | Noticed Snorg
  3564 | D:10     | Killed Snorg
  3633 | D:10     | Noticed a two-headed ogre
  3688 | D:10     | Thaneod: poczekam na CIebie, aby zobaczyć jak tam przeżyć:)
  3689 | D:10     | Gained mutation: You have a pair of small antennae on your head. [evolution]
  3730 | D:10     | Killed a two-headed ogre
  3730 | D:10     | Reached skill level 10 in Spellcasting
  3743 | D:10     | Noticed Erica
  3754 | D:10     | Killed Erica
  3768 | D:10     | Noticed a deep elf mage
  3808 | D:11     | Reached ***** piety under Vehumet
  3808 | D:11     | Offered knowledge of Yara's Violent Unravelling by Vehumet.
  3810 | D:11     | Noticed arkorax's ghost (novice DsAr)
  3974 | D:11     | Reached XP level 11. HP: 54/54 MP: 24/24
  4185 | D:12     | Noticed Fannar
  4213 | D:12     | Killed Fannar
  4264 | D:11     | Noticed a six-headed hydra
  4517 | D:12     | Noticed Frances
  4531 | D:12     | You fall through a shaft for 2 floors!
  4532 | D:14     | 4thArraOfDagon: tele->shaft :)
  4562 | D:14     | Thaneod: nowa taktyka jakas
  4574 | D:14     | 4thArraOfDagon: niee, poprostu sie tam znalazlem
  4597 | D:14     | Noticed a two-headed ogre
  4606 | D:14     | Killed a two-headed ogre
  4637 | D:15     | Entered Level 15 of the Dungeon
  4646 | D:15     | Noticed an unseen horror
  4647 | D:15     | Killed an unseen horror
  4702 | D:15     | Noticed Sonja
  4704 | D:15     | Noticed a four-headed hydra
  4704 | D:15     | Killed Sonja
  4704 | D:15     | Reached XP level 12. HP: 59/59 MP: 24/26
  4722 | D:15     | Killed a four-headed hydra
  4780 | D:15     | Noticed Urug
  4781 | D:15     | Killed Urug
  4831 | D:15     | Noticed Louise
  5082 | D:14     | Noticed a centaur warrior
  5088 | D:14     | Noticed a seven-headed hydra
  5089 | D:14     | Killed a seven-headed hydra
  5091 | D:14     | Killed a centaur warrior
  5110 | D:14     | Offered knowledge of Olgreb's Toxic Radiance by Vehumet.
  5207 | D:14     | Thaneod: pfff nice
  5224 | D:14     | Got a smoking glass ring
  5226 | D:14     | Identified the ring "Fatrich" {rElec rC+ Slay+3 Stlth+} (You took it off a boggart on level 14 of the Dungeon)
  5614 | D:14     | Got a scintillating granite ring
  5616 | D:14     | Identified the ring "Wysamp" {*Contam +Fly Int+3 SInv} (You took it off a skeletal warrior on level 14 of the Dungeon)
  5633 | D:14     | Identified a scroll of acquirement
  5634 | D:14     | Got a crude scarf
  5645 | D:14     | Identified the scarf of Syenyip {rN+} (You acquired it on level 14 of the Dungeon)
  5667 | D:13     | Noticed a seven-headed hydra
  5670 | D:13     | Killed a seven-headed hydra
  5712 | D:14     | Noticed a two-headed ogre
  5714 | D:14     | Killed a two-headed ogre
  5714 | D:14     | Reached skill level 15 in Fire Magic
  5714 | D:14     | Reached XP level 13. HP: 63/63 MP: 28/28
  5826 | D:14     | Got a fine sapphire amulet
  5849 | D:14     | Reached skill level 15 in Conjurations
  5971 | D:13     | Identified the amulet of Lady Luck {Harm *Drain rPois Slay+2} (You took it off a tengu warrior on level 14 of the Dungeon)
  6193 | D:13     | Found a gate to the Vaults.
  6289 | D:12     | Found a staircase to the Orcish Mines.
  6314 | D:12     | Found Keofaff's Distillery.
  6368 | Orc:1    | Entered Level 1 of the Orcish Mines
  6483 | Orc:1    | Found a frozen archway.
  6523 | IceCv    | Entered an ice cave
  6587 | IceCv    | Got a brightly glowing plate armour
  6740 | IceCv    | Reached ****** piety under Vehumet
  6819 | IceCv    | Offered knowledge of Bolt of Cold by Vehumet.
  6845 | IceCv    | Learned a level 6 spell: Bolt of Cold
  6983 | IceCv    | Noticed a frost giant
  6993 | IceCv    | Reached XP level 14. HP: 68/68 MP: 19/30
  6993 | IceCv    | Killed a frost giant
  7020 | IceCv    | Got an iridescent lajatang
  7053 | Orc:1    | Identified the +2 lajatang "Uxkooqua" {holy, rF+ rC+ MR- Int+3} (You found it in an ice cave)
  7114 | Orc:2    | Entered Level 2 of the Orcish Mines
  7131 | Orc:2    | Found Ittesaoq's General Store.
  7138 | Orc:2    | Found Plog's Gadget Boutique.
  7345 | Orc:2    | Found Loan's Distillery.
  7458 | Orc:2    | Found a roughly hewn altar of Beogh.
  7478 | Orc:2    | Found a roughly hewn altar of Beogh.
  7493 | Orc:2    | Found Fockideh's Magic Scroll Emporium.
  7501 | Orc:2    | Found a staircase to the Elven Halls.
  7505 | Orc:2    | Bought a scroll of magic mapping for 52 gold pieces
  7562 | Orc:2    | Found a roughly hewn altar of Beogh.
  7565 | Orc:2    | Found Sappyxie's Jewellery Emporium.
  7570 | Orc:2    | Bought an uncursed ring of fire for 350 gold pieces
  7681 | Orc:2    | Found a roughly hewn altar of Beogh.
  7685 | Orc:2    | Paralysed by an orc sorcerer for 6 turns
  7700 | Orc:2    | Found Cufrofae's Book Shoppe.
  7821 | Orc:2    | Noticed an orc warlord
  7843 | Orc:2    | Found a roughly hewn altar of Beogh.
  7881 | Orc:2    | Killed an orc warlord
  7911 | Orc:2    | Found Mibly's Antique Armour Boutique.
  7912 | Orc:2    | Found a roughly hewn altar of Beogh.
  7915 | Orc:2    | Found Ugro's Antique Weapon Shop.
  8055 | D:10     | Learned a level 3 spell: Regeneration
  8110 | Lair:1   | Entered Level 1 of the Lair of Beasts
  8229 | Lair:2   | Identified the +12 plate armour of Spring Thaw {rCorr Str+3 Dex+3} (You found it in an ice cave)
  8309 | Lair:2   | Found a staircase to the Swamp.
  8320 | Swamp:1  | Entered Level 1 of the Swamp
  8328 | Swamp:1  | Noticed Donald
  8331 | Swamp:1  | Killed Donald
  8347 | Swamp:1  | Offered knowledge of Bolt of Magma by Vehumet.
  8507 | Swamp:2  | Reached skill level 15 in Spellcasting
  8576 | Swamp:2  | Lost mutation: You evolve. [evolution]
  8678 | Swamp:4  | Entered Level 4 of the Swamp
  8737 | Swamp:3  | Mangled by a spriggan rider

Vault maps used:
D:1:      lightli_arrival_statue_moat
D:2:      overflow_temple_1_default, amethyst_overflow_temple_binary,
          st_stairs_1, supply_closet_lemuel, minmay_misc_feat_doors,
          nicolae_ashenzari_panopticon, uniq_jessica
D:3:      lemuel_crystal_altar, uniq_natasha
D:4:      nicolae_ru_great_annihilating_truth, serial_forest,
          infiniplex_forest_clump_curved, infiniplex_forest_lined_room_2,
          infiniplex_forest_end_3, infiniplex_forest_corner_1,
          infiniplex_forest_clump_curved, infiniplex_forest_clump_medium,
          infiniplex_forest_lined_2, serial_shops, nicolae_shop_crystal,
          uniq_crazy_yiuf_cottage, uniq_eustachio
D:5:      lemuel_crystal_altar, nicolae_ossuary_entry_giza, first_bread,
          uniq_edmund
D:6:      fedhas_altar_decomposition, basic_altar, uniq_sigmund
D:7:      lemuel_round_altar, slow_altar_1, nicolae_temple_entry_ecumenical,
          serial_shops, shop, nicolae_dithmenos_the_darkroom, uniq_menkaure
D:8:      old_standard_altar, lair_entry_dummy, serial_shops, shop, uniq_psyche,
          uniq_joseph
D:9:      makhleb_grotto_becter, serial_glass, glass_columns_a, glass_columns_b
D:10:     serial_shops, nicolae_shop_overgrown_old_shop, uniq_snorg, uniq_erica
D:12:     david_orc_3, serial_shops, nicolae_shop_trees, minmay_misc_feat_x,
          uniq_frances, uniq_fannar
D:13:     argonaut_augean_stables, lightli_vaults_fourway_checkpoint
D:14:     minmay_the_grid_triangle_9x9_recursive_3_mashed
D:15:     gammafunk_enter_depths_forms, dk_noncrumbling_3, uniq_sonja,
          uniq_louise, uniq_urug
Lair:2:   swamp_mist_pool, uniq_nergalle
Swamp:1:  evilmike_swamp_ruin_rubble_1, swamp_pool2, uniq_donald
Swamp:2:  nicolae_swamp_round_clearing
Swamp:3:  evilmike_swamp_ruin_house_1, swamp_pool1
Swamp:4:  swamp_icy
Orc:1:    portal_ice_cave_entry_animals_and_master
Orc:2:    grunt_orc_community_town_hall, grunt_orc_community_big_house_1,
          grunt_orc_community_big_house_2, grunt_orc_community_house_2,
          grunt_orc_community_house_3, grunt_orc_community_house_1,
          grunt_orc_community_house_1, basic_altar, serial_shops, shop_statue,
          nicolae_shop_waterfront, nicolae_shop_behind_doors, shop
Ossuary:  ossuary_due_cavern
IceCv:    ice_cave_caverns_03

Skill      XL: |  1  2  3  4  5  6  7  8  9 10 11 12 13 14 |
---------------+-------------------------------------------+-----
Conjurations   | 2 3 4 5 6 8 10 11 13 14 16 17 | 17.4
Fire Magic     | 4 5 6 7 8 10 11 13 15 16 17 | 17.6
Spellcasting   | 4 5 6 7 9 10 11 12 14 15 | 15.2
Dodging        | |  2.4
Stealth        | |  2.4

Action                   |  1- 3 |  4- 6 |  7- 9 | 10-12 | 13-15 || total
-------------------------+-------+-------+-------+-------+-------++-------
Melee: Mace              |     4 |       |       |       |       ||     4
       Dagger            |     3 |     9 |    79 |     2 |       ||    93
       Scythe            |       |       |    11 |   135 |    69 ||   215
       Lajatang          |       |       |       |       |    47 ||    47
 Cast: Flame Tongue      |    87 |    52 |   104 |   105 |    63 ||   411
       Sticky Flame      |       |     7 |    18 |    44 |    63 ||   132
       Conjure Flame     |       |     2 |    10 |    47 |    31 ||    90
       Fireball          |       |       |    15 |    60 |   155 ||   230
Evoke: Wand              |       |       |       |    12 |     2 ||    14
  Use: Potion            |     1 |       |     5 |     4 |     5 ||    15
       Scroll            |       |     7 |     6 |    14 |     9 ||    36
 Stab: Sleeping          |       |     1 |     4 |       |       ||     5
  Eat: Chunk             |       |     2 |     9 |    10 |    10 ||    31
       Royal jelly       |       |       |     2 |     2 |     1 ||     5
       Fruit             |       |       |     7 |       |       ||     7
Armor: Robe              |     3 |     2 |     5 |       |       ||    10
       Skin              |       |       |    10 |       |       ||    10
       Troll leather arm |       |       |     1 |    28 |    81 ||   110
Dodge: Dodged            |    30 |     9 |    68 |   144 |   206 ||   457
Block: Other             |       |       |     5 |    25 |    45 ||    75

Table legend:
 A = Spawn XP
 B = Non-spawn XP
 C = Spawn XP percentage of total XP
 D = Spawn monster count
 E = Non-spawn monster count
 F = Spawn count percentage of total count
 G = Total turns spent on level
                    A         B        C        D         E        F      G
               +---------+---------+-------+---------+---------+-------+---------
         Total |       0 |  100355 |   0.0 |       0 |     596 |   0.0 |  8737
               +---------+---------+-------+---------+---------+-------+---------
           D:1 |       0 |      38 |   0.0 |       0 |      21 |   0.0 |   299
           D:2 |       0 |      24 |   0.0 |       0 |      12 |   0.0 |   334
           D:3 |       0 |     173 |   0.0 |       0 |      29 |   0.0 |   392
           D:4 |       0 |     463 |   0.0 |       0 |      19 |   0.0 |   319
           D:5 |       0 |    1053 |   0.0 |       0 |      19 |   0.0 |   468
           D:6 |       0 |     547 |   0.0 |       0 |      11 |   0.0 |   345
           D:7 |       0 |     574 |   0.0 |       0 |      16 |   0.0 |   376
           D:8 |       0 |    1054 |   0.0 |       0 |      15 |   0.0 |   365
           D:9 |       0 |     572 |   0.0 |       0 |       7 |   0.0 |   189
          D:10 |       0 |    5858 |   0.0 |       0 |      29 |   0.0 |   644
          D:11 |       0 |    2441 |   0.0 |       0 |      23 |   0.0 |   231
          D:12 |       0 |    6005 |   0.0 |       0 |      40 |   0.0 |   552
          D:13 |       0 |    7806 |   0.0 |       0 |      19 |   0.0 |   280
          D:14 |       0 |   19447 |   0.0 |       0 |      68 |   0.0 |  1167
          D:15 |       0 |    4108 |   0.0 |       0 |       6 |   0.0 |   252
        Lair:1 |       0 |     340 |   0.0 |       0 |       2 |   0.0 |    42
        Lair:2 |       0 |    3616 |   0.0 |       0 |      13 |   0.0 |   168
       Swamp:1 |       0 |    6560 |   0.0 |       0 |      16 |   0.0 |   171
       Swamp:2 |       0 |    7465 |   0.0 |       0 |      21 |   0.0 |   141
       Swamp:3 |       0 |    3323 |   0.0 |       0 |      12 |   0.0 |    49
       Swamp:4 |       0 |     262 |   0.0 |       0 |       1 |   0.0 |    56
         Orc:1 |       0 |    5942 |   0.0 |       0 |      44 |   0.0 |   396
         Orc:2 |       0 |    9606 |   0.0 |       0 |      92 |   0.0 |   711
       Ossuary |       0 |     667 |   0.0 |       0 |      13 |   0.0 |   276
         IceCv |       0 |   12411 |   0.0 |       0 |      48 |   0.0 |   514
               +---------+---------+-------+---------+---------+-------+---------
